 Dungeon Crawl Stone Soup version 0.30-a0-125-g51eefa89be (webtiles) character file.

Game seed: 10804155681072378872

5407 sanka the Grappler (level 10, 0/102 HPs)
             Began as a Troll Monk on Sept 18, 2022.
             Was a Priest of Okawaru.
             Slain by a sun demon (15 damage)
             ... summoned by a kobold demonologist
             ... on level 9 of the Dungeon.
             The game lasted 00:11:03 (6968 turns).

sanka the Grappler (Troll Monk)                     Turns: 6968, Time: 00:11:03

Health: 0/102      AC: -5    Str: 23      XL:     10   Next: 40%
Magic:  0/12       EV: 10    Int:  6      God:    Okawaru [***...]
Gold:   206        SH:  0    Dex: 12 (14) Spells: 9/9 levels left

rFire   + . .      SeeInvis +      - Unarmed
rCold   + . .      Faith    .    (no shield)
rNeg    . . .      Spirit   +    y - +2 robe {rC+ rF+}
rPois   .          Reflect  .    l - +0 hat {Will+}
rElec   .          Harm     .    G - +0 cloak {Stlth+}
rCorr   .          Rampage  .    (gloves unavailable)
Will    +....                    (boots unavailable)
Stlth   +++.......               f - amulet of guardian spirit
HPRegen 1.07/turn                J - ring of see invisible
MPRegen 0.13/turn                q - +4 ring of protection

@: corroded
A: large, unfitting armour, claws 3, regeneration 1, shaggy fur 1, tough skin 1
a: Renounce Religion, Heroism


You were on level 9 of the Dungeon.
You worshipped Okawaru.
Okawaru was most pleased with you.
You visited 2 branches of the dungeon, and saw 10 of its levels.

You collected 470 gold pieces.
You spent 264 gold pieces at shops.


Innate Abilities, Weirdness & Mutations

You are too large for most types of armour.
You have claws for hands.
Your natural rate of healing is unusually fast.
You are covered in fur. (AC +1)
You have tough skin. (AC +1)


   Skills:
 + Level 7.3 Fighting
 - Level 2.4 Dodging
 - Level 1.0 Stealth
 + Level 12.7 Unarmed Combat
 + Level 4.0 Invocations


You had 9 spell levels left.
You didn't know any spells.
Your spell library contained the following spells:

 Spells                   Type           Power      Damage    Failure   Level
 Foxfire                  Conj/Fire      0%         2x1d4     45%         1
 Inner Flame              Hex/Fire       0%         N/A       83%         3
 Kindle Blastsparks       Fire/Tloc/Air  0%         2d10      83%         3
 Flame Wave               Conj/Fire      0%         2d4       99%         4
 Alistair's Intoxication  Tmut/Pois      0%         N/A       100%        5
 Borgnjor's Vile Clutch   Necr/Erth      0%         N/A       100%        5
 Eringya's Noxious Bog    Tmut/Pois      0%         N/A       100%        6

Inventory:

Hand Weapons
 t - a +0 dire flail
Missiles
 A - a throwing net {=f}
 E - a curare-tipped dart {=f}
Armour
 l - a +0 hat of willpower (worn)
 u - a +0 kite shield
 y - a +2 robe of resistance (worn)
 G - a +0 cloak of stealth (worn)
Jewellery
 a - a ring of protection from fire
 f - an amulet of guardian spirit (around neck)
 k - a ring of ice
 q - a +4 ring of protection (right claw)
 J - a ring of see invisible (left claw)
Wands
 r - a wand of quicksilver (16)
 x - a wand of flame (11)
 C - a wand of charming (4)
Scrolls
 c - 3 scrolls of enchant weapon {unknown}
 d - 11 scrolls of identify {unknown}
 e - 2 scrolls of magic mapping {unknown}
 i - 3 scrolls of teleportation {unknown}
 n - a scroll of amnesia {unknown}
 p - a scroll of torment {unknown}
 w - 2 scrolls of immolation {unknown}
 B - 2 scrolls of poison {unknown}
 D - a scroll of fear {unknown}
 H - a scroll of noise {unknown}
 I - a scroll of blinking {unknown}
Potions
 b - 2 potions of ambrosia
 g - 2 potions of lignification {unknown}
 h - 5 potions of curing {unknown}
 j - 2 potions of mutation {unknown}
 m - 2 potions of resistance {unknown}
 o - 2 potions of cancellation {unknown}
 s - 3 potions of berserk rage {!q}
 v - 5 potions of heal wounds {unknown}
 z - a potion of brilliance {unknown}
 F - a potion of haste {@q3}

Dungeon Overview and Level Annotations

Branches:
Dungeon (9/15)             Temple (1/1) D:7
   Lair: D:8-11         Orc: D:9-12

Altars:
Ashenzari
Cheibriados
Dithmenos
Elyvilon
Fedhas
Gozag
Hepliaklqana
Kikubaaqudgha
Makhleb
Nemelex Xobeh
Okawaru
Qazlal
Ru
Sif Muna
Trog
Uskayaw
Vehumet
Wu Jian
Xom
Yredelemnul
Zin
The Shining One

Shops:
D:4 :   D:7 ((*[= D:8

: ▒.▒.▒ ▒K▒ .▒.▒.▒ ▒Y▒
▒▒▒▒▒▒▒▒.▒o▒.▒ ▒....
...........▒.▒▒..▒..▒▒
!..........▒.▒.......▒
...........▒.▒...▒...▒
...........▒.▒.......▒
......55K..▒.▒.▒._.▒.▒
......4T3..▒.▒.......▒
........5..▒.....▒...▒
...........▒...).....▒
...........▒.▒..▒▒▒▒▒▒
...........▒.▒†▒▒
▒▒▒▒▒▒▒▒.▒...▒†▒
▒.▒▒▒▒▒.▒ ▒.▒▒▒▒▒.▒
▒.......▒


You could see a sun demon (summoned), a rust devil (summoned), a kobold
demonologist, a quasit (summoned), a crimson imp (summoned), a white imp
(summoned) and an orc.


Message History

Unknown command.
You completely miss the kobold demonologist.
The sun demon hits you.
* * * LOW HITPOINT WARNING * * *
You are engulfed in flames!
You resist.
* * * LOW HITPOINT WARNING * * *
The rust devil hits you!
* * * LOW HITPOINT WARNING * * *
The rust devil corrodes you! The white imp gestures at you.
The puff of frost misses you.
The puff of frost hits the quasit.
The quasit resists.
The crimson imp grins evilly.
The crimson imp misses you.
The kobold demonologist hits you with a +0 dagger.
* * * LOW HITPOINT WARNING * * *
You scratch the kobold demonologist.
The kobold demonologist is lightly wounded.
The quasit bites you.
* * * LOW HITPOINT WARNING * * *
You feel clumsy. The quasit claws you.
* * * LOW HITPOINT WARNING * * *
You feel clumsy. The quasit claws you.
* * * LOW HITPOINT WARNING * * *
The sun demon hits you!
You die...

Action                   |  1- 3 |  4- 6 |  7- 9 | 10-12 || total
-------------------------+-------+-------+-------+-------++-------
Melee: Unarmed           |   117 |   103 |   291 |    84 ||   595
       Punch             |     3 |     5 |    13 |     3 ||    24
 Stab: Sleeping          |     6 |     3 |     5 |       ||    14
Armor: Robe              |    17 |    38 |    84 |    30 ||   169
Dodge: Dodged            |    33 |    53 |    95 |    28 ||   209

Levels and vault maps discovered:
D:1:      lightli_arrival_farm, layout_loops_ring, serial_forest,
          infiniplex_forest_lined_ring, infiniplex_forest_end_2,
          infiniplex_forest_end_2, infiniplex_forest_clump_small,
          infiniplex_forest_lined_room_2
D:2:      layout_rooms, shapermc_ecumenical_altar_flowoftime, serial_park_tiny_1
D:3:      layout_rooms, lemuel_tele_altar, mainiacjoe_overflow_24_doors,
          kennysheep_generic_room_16
D:4:      layout_loops_corners, nicolae_wu_jian_wuxing_cycle,
          lemuel_doored_altar, serial_shops, shop
D:5:      layout_loops_corners, mainiacjoe_overflow_brackets, uniq_edmund,
          uniq_duvessa, uniq_sigmund, uniq_prince_ribbit1, uniq_ijyb,
          uniq_crazy_yiuf_cottage
D:6:      layout_loops_ring, xom_butterflies
D:7:      layout_basic, nemelex_dance_club_becter, mainiacjoe_overflow_alcove_1,
          nicolae_elyvilon_temple_path, minmay_temple_entry_hall, serial_shops,
          nicolae_stop_n_shop_1, shop, nicolae_shop_trees,
          kennysheep_little_box, nicolae_diamond_shop, serial_bayou,
          serial_bayou_pond_e, serial_bayou_pond_d, serial_bayou_lagoon_a,
          serial_bayou_pond_b, uniq_pikel
D:8:      layout_basic, trog_book, mainiacjoe_overflow_cross_hatched,
          mainiacjoe_overflow_alcove_2, mainiacjoe_overflow_catwalk,
          nicolae_shop_i_like_big_books, dk_noncrumbling_4
D:9:      layout_basic, vehumet_altar_wand_db, orc_0_dummy
Temple:   hellmonk_temple_micro_hex

Notes
Turn   | Place    | Note
-------+----------+-------------------------------------------
     0 | D:1      | sanka the Troll Monk began the quest for the Orb.
     0 | D:1      | Reached XP level 1. HP: 22/22 MP: 0/0
   174 | D:1      | Reached XP level 2. HP: 29/29 MP: 1/1
   546 | D:1      | Reached skill level 4 in Unarmed Combat
   566 | D:1      | Reached XP level 3. HP: 36/36 MP: 2/2
  1058 | D:2      | Reached skill level 5 in Unarmed Combat
  1058 | D:2      | Reached XP level 4. HP: 40/44 MP: 3/3
  1099 | D:2      | Found a faded altar of an unknown god.
  1579 | D:3      | Found a hide-covered altar of Uskayaw.
  1663 | D:3      | Found a shimmering blue altar of Sif Muna.
  1978 | D:4      | Noticed an ice beast
  1988 | D:4      | Killed an ice beast
  1989 | D:4      | Reached skill level 6 in Unarmed Combat
  1989 | D:4      | Reached XP level 5. HP: 42/50 MP: 1/4
  2130 | D:4      | Reached XP level 6. HP: 56/59 MP: 5/5
  2153 | D:4      | Reached skill level 7 in Unarmed Combat
  2194 | D:4      | Found an ancient bone altar of Kikubaaqudgha.
  2355 | D:4      | Found an ornate altar of the Wu Jian Council.
  2426 | D:4      | Found Jihubud's Book Shop.
  2567 | D:4      | Reached skill level 8 in Unarmed Combat
  2567 | D:4      | Reached XP level 7. HP: 60/66 MP: 4/6
  2961 | D:5      | Entered Level 5 of the Dungeon
  2961 | D:5      | Noticed Prince Ribbit
  2961 | D:5      | Noticed Ijyb
  2961 | D:5      | Found a hazy altar of Hepliaklqana.
  2968 | D:5      | Killed Prince Ribbit
  2986 | D:5      | Killed Ijyb
  2987 | D:5      | Reached skill level 9 in Unarmed Combat
  3195 | D:5      | Identified a +2 robe of resistance
  3195 | D:5      | Noticed Dowan
  3195 | D:5      | Noticed Duvessa
  3236 | D:5      | Killed Duvessa
  3237 | D:5      | Reached skill level 10 in Unarmed Combat
  3237 | D:5      | Reached XP level 8. HP: 66/74 MP: 5/7
  3248 | D:5      | Killed Dowan
  3378 | D:5      | Reached skill level 3 in Fighting
  3539 | D:5      | Noticed Edmund
  3546 | D:5      | Killed Edmund
  3662 | D:5      | Noticed Sigmund
  3673 | D:5      | Killed Sigmund
  3723 | D:5      | Reached skill level 4 in Fighting
  3972 | D:5      | Found a runed translucent door.
  3973 | D:5      | Noticed Crazy Yiuf
  3977 | D:5      | Killed Crazy Yiuf
  4109 | D:6      | Reached skill level 11 in Unarmed Combat
  4162 | D:6      | Reached XP level 9. HP: 83/87 MP: 8/8
  4319 | D:6      | Reached skill level 5 in Fighting
  4320 | D:6      | Found a shimmering altar of Xom.
  4522 | D:6      | Identified the +8 hand axe "Ilefeeg" {freeze, *Noise rPois
                  | rCorr Int+2}
  4880 | D:7      | Found a sparkling altar of Nemelex Xobeh.
  4891 | D:7      | Found Vexorew's Antique Weapon Shoppe.
  4957 | D:7      | Found Daohyode's General Store.
  4993 | D:7      | Found an opulent altar of Gozag.
  5020 | D:7      | Found a staircase to the Ecumenical Temple.
  5070 | Temple   | Entered the Ecumenical Temple
  5086 | D:7      | Found Weunim's Antique Armour Emporium.
  5089 | D:7      | Noticed Pikel
  5116 | D:7      | Killed Pikel
  5117 | D:7      | Reached skill level 6 in Fighting
  5117 | D:7      | Reached skill level 12 in Unarmed Combat
  5152 | D:7      | Bought an embroidered cloak for 150 gold pieces
  5152 | D:7      | Bought a wizard robe for 114 gold pieces
  5152 | D:7      | Identified the +1 robe "Asmit" {Rampage Str+3 Int+3} (You
                  | bought it in a shop on level 7 of the Dungeon)
  5222 | D:7      | Found Munwom's Jewellery Shop.
  5331 | D:7      | Found a white marble altar of Elyvilon.
  5428 | D:7      | Found Bazeipn's Antique Weapon Shoppe.
  5880 | D:8      | Found a bloodstained altar of Trog.
  6103 | D:8      | Found an iron altar of Okawaru.
  6194 | D:8      | Reached XP level 10. HP: 95/100 MP: 7/9
  6229 | D:8      | Reached skill level 7 in Fighting
  6461 | D:8      | Found a glowing golden altar of the Shining One.
  6585 | D:8      | Found a snail-covered altar of Cheibriados.
  6636 | D:8      | Became a worshipper of Warmaster Okawaru
  6636 | D:8      | Reached * piety under Okawaru
  6636 | D:8      | Reached ** piety under Okawaru
  6694 | D:8      | Found Nenwarar's Tremendous Tomes.
  6783 | D:9      | Reached skill level 1 in Invocations
  6788 | D:9      | Reached skill level 2 in Invocations
  6795 | D:9      | Reached skill level 3 in Invocations
  6795 | D:9      | Noticed a sixfirhy
  6891 | D:9      | Reached skill level 4 in Invocations
  6920 | D:9      | Found a radiant altar of Vehumet.
  6934 | D:9      | Reached *** piety under Okawaru
  6960 | D:9      | Noticed a rust devil
  6962 | D:9      | Noticed a sun demon
  6968 | D:9      | Slain by a sun demon

Vanquished Creatures
  Pikel (D:7)
  2 kobold demonologists (D:9)
  Prince Ribbit (D:5)
  Sigmund (D:5)
  4 yaks (D:9)
  Edmund (D:5)
  Duvessa (D:5)
  4 water moccasins
  2 orc warriors
  2 black bears
  A sky beast (D:6)
  2 ice beasts
  2 ogres
  2 kobold brigands
  2 lemures (D:7)
  A phantom (D:4)
  2 bullfrogs
  3 scorpions
  A necrophage (D:6)
  A wight (D:7)
  A jelly (D:4)
  Dowan (D:5)
  11 howler monkeys
  4 electric eels (D:7)
  A hound (D:6)
  6 orc priests
  Crazy Yiuf (D:5)
  A gnoll bouda (D:5)
  9 orc wizards
  Ijyb (D:5)
  2 iguanas
  6 gnolls
  5 adders
  2 white imps
  An ufetubus (D:4)
  A worm (D:3)
  4 dart slugs
  41 orcs
  6 bats
  7 endoplasms
  6 giant cockroaches
  2 goblins (D:2)
  10 hobgoblins
  2 quokkas
  7 ball pythons
  A frilled lizard (D:3)
  17 kobolds
  6 rats
  A bush (D:1)
  2 butterflies (D:6)
201 creatures vanquished.

Vanquished Creatures (others)
  14 plants
14 creatures vanquished.

Grand Total: 215 creatures vanquished
